 Dungeon Crawl Stone Soup version 0.20.1-1-g8b1a95d (webtiles) character file.

41 slep the Chopper (level 3, 0/18 HPs)
             Began as a Vine Stalker Gladiator on Dec 21, 2017.
             Slain by Robin
             ... wielding a +0 spear of piercing
              (1 damage)
             ... on level 2 of the Dungeon.
             The game lasted 00:02:30 (985 turns).

slep the Chopper (Vine Stalker Gladiator)            Turns: 985, Time: 00:02:30

Health: 0/18       AC:  4    Str: 16    XL:     3   Next: 52%
Magic:  0/4        EV: 13    Int:  8    God:
Gold:   38         SH:  0    Dex: 16    Spells: 2/2 levels left

rFire    . . .     SeeInvis .   a - +0 war axe
rCold    . . .     Gourm    .   (no shield)
rNeg     . . .     Faith    .   b - +0 leather armour
rPois    .         Spirit   +   c - +0 helmet
rElec    .         Reflect  .   (no cloak)
rCorr    .         Harm     .   (no gloves)
MR       .....                  (no boots)
Stlth    +.........             (no amulet)
Regen    0.1/turn               k - ring of flight
MPRegen  0.1/turn               (no ring)

@: no status effects
A: fangs 2, magic shield, antimagic bite, no potion heal 3, rot immunity
a: Evoke Flight


You were on level 2 of the Dungeon.
You were not hungry.

You visited 1 branch of the dungeon, and saw 2 of its levels.

You collected 38 gold pieces.

Inventory:

Hand Weapons
 a - a +0 war axe (weapon)
Missiles
 d - 3 throwing nets (quivered)
Armour
 b - a +0 leather armour (worn)
 c - a +0 helmet (worn)
Jewellery
 k - a ring of flight (left hand)
Scrolls
 g - a scroll of fear {unknown}
 h - 2 scrolls of identify {unknown}
 j - a scroll of remove curse {unknown}
 l - a scroll of random uselessness {unknown}
 m - a scroll of teleportation {unknown}
Potions
 e - a potion of agility {unknown}
Comestibles
 f - 2 bread rations
 i - a royal jelly


   Skills:
 + Level 2.0 Fighting
 + Level 3.3 Axes
 + Level 1.9 Throwing
 + Level 0.4 Armour
 + Level 2.6 Dodging
 + Level 0.6 Stealth


You had 2 spell levels left.
You didn't know any spells.

Dungeon Overview and Level Annotations

Branches:
Dungeon (2/15)

Altars:

Annotations:
D:2 Robin


Innate Abilities, Weirdness & Mutations

You have extremely sharp teeth.
When hurt, damage is shared between your health and your magic reserves.
Your bite disrupts and absorbs the magic of your enemies.
Potions cannot restore your health.
You are immune to rotting.


Message History

a dagger; a hobgoblin corpse; a goblin corpse You barely miss Robin.
Your bite misses Robin. Robin barely misses you.
You hit Robin.
Robin is lightly wounded.
Robin says, "A pitiful Vine like you will never find the ORB!"
Robin barely misses you.
You hit Robin.
Robin is heavily wounded.
Robin hits you with a spear of piercing.
* * * LOW HITPOINT WARNING * * *
Robin hits you with a spear of piercing.
* * * LOW HITPOINT WARNING * * *
x2 You barely miss Robin.
Your bite misses Robin.
Robin is heavily wounded.
Robin hits you but does no damage.
You hit Robin but do no damage. Your bite misses Robin.
Robin is heavily wounded.
Robin hits you with a spear of piercing.
* * * LOW HITPOINT WARNING * * *
You die...

## #..#.##+##.##†####
#####....# #..#....#.#
)...'..#.+
+.#.........
###.#....#
#..####.####
#.#..#.##+##.## ...
#.#...........######.#
#.#..#.#.#.#.#)......#
#.##########.#.#######
###.######## #.)@#
.†.........# ###g#
###.######.# ...
....#<#..# ...##
###.#.#..# ....#
#..#.#..# ...###
##....#..# ....
.#..###..###<.. .#..#
#..#


You could see Robin.

Vanquished Creatures
  An ooze (D:1)
  A leopard gecko (D:2)
  4 bats
  13 goblins
  4 hobgoblins
  A quokka (D:2)
  2 frilled lizards
  3 kobolds (D:1)
  3 rats
32 creatures vanquished.

Notes
Turn   | Place    | Note
-------+----------+-------------------------------------------
     0 | D:1      | slep the Vine Stalker Gladiator began the quest for the Orb.
     0 | D:1      | Reached XP level 1. HP: 11/11 MP: 2/2
   161 | D:1      | Reached skill level 3 in Axes
   161 | D:1      | Reached XP level 2. HP: 15/15 MP: 3/3
   697 | D:2      | Reached XP level 3. HP: 11/18 MP: 4/4
   968 | D:2      | Noticed Robin
   985 | D:2      | Slain by Robin

Skill      XL: |  1  2 |
---------------+-------+-----
Axes           | 3 |  3.3
Fighting       | 2 |  2.0
Throwing       | |  1.9
Armour         | |  0.4
Dodging        | |  2.6
Stealth        | |  0.6

Action                   || total
-------------------------++-------
Melee: War axe           ||    91
       Bite              ||    11
 Stab: Sleeping          ||     2
Armor: Leather armour    ||    27
Dodge: Dodged            ||    68
